 Dungeon Crawl Stone Soup version 0.18.1-48-g4cf74bf (webtiles) character file.

69 Wander the Sneak (level 4, -8/30 HPs)
             Began as a Human Wanderer on Sept 9, 2016.
             Killed from afar by negitausen's ghost (10 damage)
             ... with a flame tongue
             ... on level 3 of the Dungeon.
             The game lasted 00:06:10 (1791 turns).

Wander the Sneak (Human Wanderer)                   Turns: 1791, Time: 00:06:10

Health: -8/30      AC: 12    Str: 13    XL:     4   Next: 42%
Magic:  5/5        EV:  8    Int: 13    God:
Gold:   90         SH:  0    Dex: 12    Spells: 0 memorised, 5 levels left

rFire  . . .     SeeInvis .     p - +0 long sword
rCold  . . .     Gourm    .     a - +2 scale mail
rNeg   . . .     Faith    .     (no shield)
rPois  .         Spirit   .     o - +0 helmet
rElec  .         Dismiss  .     (no cloak)
rCorr  .         Reflect  .     m - +2 pair of gloves
SustAt .         Harm     .     (no boots)
MR     .....                    (no amulet)
Stlth  +.........               (no ring)
                                (no ring)

@: not resistant to hostile enchantments, very unstealthy
A: no striking features
a: no special abilities


You were on level 3 of the Dungeon.
You were hungry.

You visited 1 branch of the dungeon, and saw 3 of its levels.

You collected 90 gold pieces.

Inventory:

Hand Weapons
 b - a +0 hand crossbow
 j - a +0 short sword
 p - a +0 long sword (weapon)
 v - a +0 whip
Missiles
 c - 8 bolts
 t - an exploding tomahawk (quivered)
Armour
 a - a +2 scale mail (worn)
 m - a +2 pair of gloves (worn)
 o - a +0 helmet (worn)
Scrolls
 e - a scroll of teleportation {unknown}
 h - a scroll of identify {unknown}
 k - 2 scrolls of noise {unknown}
 l - 3 scrolls of fear {unknown}
 n - a scroll of enchant armour {unknown}
 s - a scroll of magic mapping {unknown}
 u - a scroll of remove curse {unknown}
Potions
 d - a potion of curing
 g - a potion of degeneration {unknown}
 q - a potion of agility {unknown}
Comestibles
 f - a bread ration
 i - a slice of pizza
 r - a meat ration
 w - 5 fruits


   Skills:
 + Level 2.0 Long Blades
 - Level 3.0 Crossbows
 - Level 2.0 Armour
 - Level 3.1 Stealth
   Level 1.0 Shields
 - Level 1.0 Spellcasting
   Level 2.0 Ice Magic
   Level 1.0 Evocations


You had 5 spell levels left.
You didn't know any spells.

Dungeon Overview and Level Annotations

Branches:
Dungeon (3/15)

Altars:

Annotations:
D:3 negitausen's ghost, amateur DrFE


Message History

You throw an exploding tomahawk.
The exploding tomahawk closely misses negitausen's ghost.
The exploding tomahawk explodes!
Negitausen's ghost gestures at you while chanting.
The flame tongue hits you!
* * * LOW HITPOINT WARNING * * *
Throwing (i - inventory):
t - 2 exploding tomahawks (quivered)
Press: ? - help, Shift-Dir - straight line, f/p - negitausen's ghost
Aim: negitausen's ghost (heavily damaged)
You throw an exploding tomahawk.
The exploding tomahawk closely misses negitausen's ghost.
The exploding tomahawk explodes!
Throwing (i - inventory):
t - an exploding tomahawk (quivered)
Press: ? - help, Shift-Dir - straight line, f/p - negitausen's ghost
Aim: negitausen's ghost (heavily damaged) That explosion of tomahawk fragments is likely to hit you.
Continue anyway?
Okay, then.
Negitausen's ghost casts a spell at you.
The flame tongue hits you!
You die...

$(.#........
#(.#...#...#
.(.(...#...###
.#####
#...(........
......
...(.#...####.#....
#..#...#.........
#......#.........
#.#.W..#........ #
#..)@.....#
#.........#
#.##.##........#
#........#####.#
#......#.# .#
##.....#.# #
#.....#.# #.....#.#
#.)...#.#


You could see negitausen's ghost.

Vanquished Creatures
  2 adders
  An ooze (D:1)
  A dart slug (D:1)
  2 giant geckos
  3 giant cockroaches
  6 goblins
  2 hobgoblins
  11 kobolds
  2 quokkas
  4 bats
  2 giant newts
  7 rats
43 creatures vanquished.

Notes
Turn   | Place    | Note
--------------------------------------------------------------
     0 | D:1      | Wander the Human Wanderer began the quest for the Orb.
     0 | D:1      | Wander set off with: a +2 scale mail, a +0 hand crossbow, 24 bolts, a potion of curing, a bread ration
     0 | D:1      | Reached XP level 1. HP: 13/13 MP: 2/2
     6 | D:1      | Reached skill level 1 in Stealth
   159 | D:1      | Reached XP level 2. HP: 19/19 MP: 3/3
   536 | D:1      | Reached XP level 3. HP: 22/24 MP: 4/4
  1407 | D:2      | Reached skill level 1 in Long Blades
  1407 | D:2      | Reached XP level 4. HP: 29/30 MP: 5/5
  1770 | D:3      | Noticed negitausen's ghost (amateur DrFE)
  1791 | D:3      | Killed from afar by negitausen's ghost

Skill      XL: |  1  2  3  4 |
---------------+-------------+-----
Stealth        | 1 2 3 |  3.1
Long Blades    | 1 2 |  2.0
Crossbows      | |  3.0
Armour         | |  2.0
Shields        | |  1.0
Spellcasting   | |  1.0
Ice Magic      | |  2.0
Evocations     | |  1.0

Action                   |  1- 3 |  4- 6 || total
-------------------------+-------+-------++-------
Melee: Long sword        |    33 |     8 ||    41
 Fire: Hand crossbow     |    76 |    34 ||   110
Throw: Tomahawk          |       |     3 ||     3
  Eat: Chunk             |     1 |     1 ||     2
Armor: Scale mail        |    57 |    20 ||    77
Dodge: Dodged            |    44 |    14 ||    58
